 Dungeon Crawl Stone Soup version 0.29.0-4-gdea44cf6ec (webtiles) character file.

Game seed: 18320699813603430644

99 qw the Chopper (level 4, -3/26 HPs)
             Began as a Tengu Warper on Aug 28, 2022.
             Killed by divine providence
             ... invoked by an orc priest
              (12 damage)
             ... on level 3 of the Dungeon.
             The game lasted 00:00:11 (2402 turns).

qw the Chopper (Tengu Warper)                       Turns: 2402, Time: 00:00:12

Health: -3/26      AC: 14    Str: 13    XL:     4   Next: 72%
Magic:  8/8        EV:  3    Int: 13    God:
Gold:   66         SH:  0    Dex: 14    Spells: 7/7 levels left

rFire   . . .      SeeInvis .   Y - +0 hand axe
rCold   . . .      Faith    .   (no shield)
rNeg    . . .      Spirit   .   e - +0 plate armour
rPois   .          Reflect  .   (helmet restricted)
rElec   .          Harm     .   (no cloak)
rCorr   .          Rampage  .   (no gloves)
Will    .....                   (boots unavailable)
Stlth   ..........              (no amulet)
HPRegen 0.08/turn               j - +4 ring of protection
MPRegen 0.11/turn               (no ring)

@: no status effects
A: beak, talons 3
a: no special abilities


You were on level 3 of the Dungeon.
You visited 1 branch of the dungeon, and saw 3 of its levels.

You collected 126 gold pieces.
You spent 60 gold pieces at shops.


Innate Abilities, Weirdness & Mutations

You have a beak for a mouth.
You have claws for feet.


   Skills:
 - Level 2.0 Fighting
 + Level 4.9 Axes
 - Level 1.0 Throwing
 - Level 2.0 Armour
 - Level 2.1 Dodging
 - Level 2.0 Spellcasting
 - Level 2.4 Translocations


You had 7 spell levels left.
You didn't know any spells.
Your spell library contained the following spells:

 Spells                   Type           Power      Damage    Failure   Level
 Blink                    Tloc           14%        N/A       100%        2
 Gell's Gravitas          Tloc           7%         N/A       100%        3
 Lesser Beckoning         Tloc           7%         N/A       100%        3
 Teleport Other           Tloc           7%         N/A       100%        3
 Manifold Assault         Tloc           7%         N/A       100%        5

Inventory:

Hand Weapons
 a - a +0 flail
 Y - a +0 hand axe (weapon)
Missiles
 h - 6 boomerangs (quivered)
Armour
 e - a +0 plate armour (worn)
Jewellery
 j - a +4 ring of protection (left hand)
Potions
 b - a potion of magic {unknown}
 d - 2 potions of heal wounds
 m - a potion of brilliance {unknown}
 n - a potion of curing

Dungeon Overview and Level Annotations

Branches:
Dungeon (3/15)

Altars:

Shops:
D:2 !


Message History

You barely miss the orc priest. You hit the adder but do no damage.
The adder barely misses you.
The orc wizard hits you but does no damage.
The orc priest hits you but does no damage.
You closely miss the orc wizard. You claw the orc wizard.
You kill the orc wizard!
You barely miss the orc priest. You hit the adder.
The adder bites you but does no damage. The orc priest hits you with a +0 club.
The adder barely misses you.
You closely miss the orc priest.
You claw the orc priest, but do no damage.
The orc priest is moderately wounded.
You miss the adder. The adder bites you but does no damage.
The orc priest hits you but does no damage.
You hit the orc priest but do no damage.
Your peck misses the orc priest.
The orc priest is moderately wounded.
You hit the adder. The adder bites you but does no damage.
The orc priest hits you but does no damage.
You hit the adder. Your peck misses the adder.
The adder is almost dead.
You hit the orc priest. The adder bites you but does no damage.
The orc priest hits you but does no damage.
The adder bites you but does no damage.
You barely miss the adder. Your peck misses the adder.
The adder is almost dead.
You hit the orc priest. The adder bites you but does no damage.
The orc priest hits you with a +0 club.
You hit the adder.
You kill the adder!
You hit the orc priest but do no damage.
The orc priest hits you but does no damage.
You hit the orc priest.
The orc priest is almost dead.
The orc priest mumbles some strange prayers to Beogh against you.
Beogh smites you!
You die...

.....####.. .....#
#............# .....#
#...........#
#.#....####...........#
#.#..#....#...!.......#
.................?...##.
....................(...
................).......
.....#.......%.o@.......
.....#..................
.............)).......#.
........#............##
........)...##......##
........###[%..##.#.#
........# ####.......
........# #.#.....<
........### .### #.


You could see an orc priest.

Vanquished Creatures
  An orc wizard (D:3)
  An adder (D:3)
  A worm (D:2)
  4 orcs
  6 bats
  An endoplasm (D:1)
  5 giant cockroaches
  4 goblins (D:1)
  7 hobgoblins
  7 kobolds
  A quokka (D:1)
  9 ball pythons
  4 frilled lizards
  4 rats
55 creatures vanquished.

Notes
Turn   | Place    | Note
-------+----------+-------------------------------------------
     0 | D:1      | qw the Tengu Warper began the quest for the Orb.
     0 | D:1      | Reached XP level 1. HP: 12/12 MP: 4/4
     0 | D:1      | 0 ||| qw: Version: 0.1-a-89-g26bdef1
     0 | D:1      | 0 ||| qw: Game counter: 3293
     0 | D:1      | 0 ||| qw: Always use a shield: true
     0 | D:1      | 0 ||| qw: God list: Okawaru
     0 | D:1      | 0 ||| qw: Allow faded altars: false
     0 | D:1      | 0 ||| qw: Do Orc after D:15 true
     0 | D:1      | 0 ||| qw: Do second Lair branch before Depths: true
     0 | D:1      | 0 ||| qw: Lair rune preference: random
     0 | D:1      | 0 ||| qw: Plans: Normal
     0 | D:1      | 0 ||| PLANNING D:1-11
   348 | D:1      | Reached XP level 2. HP: 11/17 MP: 6/6
   474 | D:1      | Reached skill level 3 in Axes
   500 | D:1      | 500 ||| Stepping ~*~*~tactically~*~*~ (stealth).
   509 | D:1      | 509 ||| Stepping ~*~*~tactically~*~*~ (stealth).
   510 | D:1      | 510 ||| Stepping ~*~*~tactically~*~*~ (stealth).
   512 | D:1      | 512 ||| Stepping ~*~*~tactically~*~*~ (stealth).
   761 | D:1      | 761 ||| Stepping ~*~*~tactically~*~*~ (stealth).
   794 | D:1      | Reached XP level 3. HP: 21/21 MP: 7/7
   803 | D:1      | 803 ||| Stepping ~*~*~tactically~*~*~ (hiding).
  1113 | D:1      | Reached skill level 4 in Axes
  1119 | D:1      | Found a faded altar of an unknown god.
  1248 | D:1      | 1248 ||| UPGRADING to +0 plate armour.
  1258 | D:1      | 1258 ||| DROPPING +0 leather armour.
  1259 | D:1      | 1259 ||| UPGRADING to +4 ring of protection.
  1260 | D:1      | 1260 ||| DROPPING ring of magical power.
  1261 | D:1      | 1261 ||| READING 2 scrolls labelled QAWNUI CAZXIECVO.
  1262 | D:1      | 1262 ||| READING scroll labelled GAWOBIKIDU.
  1263 | D:1      | 1263 ||| READING 2 scrolls labelled FURYSM WAARCHE.
  1266 | D:1      | 1266 ||| READING scroll labelled EFAMUDW QURPHUCIF.
  1267 | D:1      | 1267 ||| DRINKING 2 viscous amethyst potions.
  1268 | D:1      | 1268 ||| DROPPING scroll of poison.
  1269 | D:1      | 1269 ||| DROPPING scroll of blinking.
  1683 | D:2      | Found Noptuj's Distillery.
  1687 | D:2      | 1687 ||| BUYING potion of heal wounds (60 gold).
  1687 | D:2      | Bought a potion of heal wounds for 60 gold pieces
  1687 | D:2      | 1687 ||| SHOPLISTING potion of mutation (96 gold, have 34).
  1994 | D:2      | 1994 ||| Stepping ~*~*~tactically~*~*~ (stealth).
  2197 | D:2      | 2197 ||| READING scroll labelled WENETA YHEACOD.
  2198 | D:2      | 2198 ||| DRINKING 2 green potions.
  2295 | D:3      | 2295 ||| DROPPING +0 whip.
  2366 | D:3      | Reached XP level 4. HP: 26/26 MP: 8/8
  2387 | D:3      | 2387 ||| DRINKING 2 potions of curing.
  2387 | D:3      | 2387 ||| (to cure confusion)
  2389 | D:3      | HP: 4/26 [orc/+0 flail (4)]
  2390 | D:3      | 2390 ||| READING scroll of teleportation.
  2391 | D:3      | 2391 ||| DRINKING 3 potions of heal wounds.
  2402 | D:3      | Killed from afar by an orc priest

Levels and vault maps discovered:
D:1:      wander_arrival_chamber, layout_basic,
          dreamdust_ecumenical_altar_hidden_monk_grotto
D:2:      layout_basic, serial_shops, shop, minmay_stone_trees_small,
          wander_ebering_terrifying_dragon_lair
D:3:      layout_rooms

Skill      XL: |  1  2  3 |
---------------+----------+-----
Axes           | 3 4 |  4.9
Armour         | 2 |  2.0
Fighting       | |  2.0
Throwing       | |  1.0
Dodging        | |  2.1
Spellcasting   | |  2.0
Translocations | |  2.4

Action                   |  1- 3 |  4- 6 || total
-------------------------+-------+-------++-------
Melee: Hand axe          |    61 |    21 ||    82
       Peck              |    11 |     4 ||    15
       Kick              |    16 |     5 ||    21
       Punch             |     1 |       ||     1
Throw: Boomerang         |    46 |     1 ||    47
  Use: Scroll            |     5 |     1 ||     6
       Potion            |     2 |     2 ||     4
Armor: Leather armour    |    10 |       ||    10
       Plate armour      |    10 |    34 ||    44
Dodge: Dodged            |    17 |     7 ||    24

Table legend:
 A = Non-vault XP
 B = Vault XP
 C = Vault XP percentage of total XP
 D = Non-vault monster count
 E = Vault monster count
 F = Vault count percentage of total count
                 A         B        C        D         E       F
            +---------+---------+-------+---------+---------+-------
      Total |     141 |       1 |   0.7 |      54 |       1 |   1.8
            +---------+---------+-------+---------+---------+-------
        D:1 |      46 |       0 |   0.0 |      27 |       0 |   0.0
        D:2 |      28 |       1 |   3.4 |      15 |       1 |   6.2
        D:3 |      67 |       0 |   0.0 |      12 |       0 |   0.0
            +---------+---------+-------+---------+---------+-------
